 Dungeon Crawl Stone Soup version 0.31-a0-196-g86fe4a5e66 (webtiles) character file.

Game seed: 7667877228100115229

120 qw the Skirmisher (level 4, -5/25 HPs)
             Began as a Deep Elf Hunter on June 24, 2023.
             Killed from afar by Blork the orc (9 damage)
             ... with a puff of frost
             ... on level 4 of the Dungeon.
             The game lasted 00:00:48 (1934 turns).

qw the Skirmisher (Deep Elf Hunter)                 Turns: 1934, Time: 00:00:49

Health: -5/25      AC:  6    Str: 10    XL:     4   Next: 75%
Magic:  6/6        EV: 11    Int: 14    God:
Gold:   172        SH:  0    Dex: 18    Spells: 3/3 levels left

rFire   . . .        Y - +1 shortbow
rCold   . . .        (shield currently unavailable)
rNeg    . . .        d - +0 ring mail
rPois   .            c - +0 helmet
rElec   .            (no cloak)
rCorr   .            (no gloves)
SInv    .            (no boots)
Will    .....        (no amulet)
Stlth   +            (no ring)
HPRegen 0.24/turn    (no ring)
MPRegen 0.10/turn

%: no passive effects
@: no status effects
A: no striking features
a: no special abilities


You were on level 4 of the Dungeon.
You visited 1 branch of the dungeon, and saw 4 of its levels.

You collected 172 gold pieces.


   Skills:
 - Level 1.5 Fighting
 + Level 8.2 Ranged Weapons
 - Level 2.4 Dodging
 - Level 1.2 Stealth


You had 3 spell levels left.
You didn't know any spells.
Your spell library was empty.

Inventory:

Hand Weapons
 Y - a +1 shortbow (weapon)
Armour
 c - a +0 helmet (worn)
 d - a +0 ring mail (worn)
Scrolls
 l - a scroll of identify
Potions
 a - a potion of resistance
 f - 2 potions of mutation
 k - a potion of curing

Dungeon Overview and Level Annotations

Branches:
Dungeon (4/15)
 Temple: D:4-7

Altars:
Kikubaaqudgha

Annotations:
D:1 2 transporters
D:3 3 runed translucent doors, qw's ghost, amateur DEHu
D:4 Blork the orc


Message History

Blork the orc is lightly wounded.
You shoot an arrow. The arrow barely misses Blork the orc.
Blork the orc points at you and mumbles some strange words.
The puff of frost misses you.
A hobgoblin comes into view.
A giant cockroach comes into view.
The hobgoblin moves out of view.
You shoot an arrow. The arrow hits Blork the orc!
Blork the orc is severely wounded.
You shoot an arrow. The arrow hits Blork the orc.
Blork the orc is severely wounded.
Blork the orc points at you and mumbles some strange words.
The puff of flame hits you.
You shoot an arrow.
The arrow hits Blork the orc but does no damage.
Blork the orc is severely wounded.
The giant cockroach waves its antennae.
You shoot an arrow.
The arrow closely misses the giant cockroach.
You shoot an arrow. The arrow hits the giant cockroach.
The giant cockroach is heavily wounded.
The giant cockroach bites you but does no damage.
The giant cockroach closely misses you.
You shoot an arrow.
The arrow hits Blork the orc but does no damage.
Blork the orc is severely wounded.
Blork the orc screams, "You are the ugliest creature I've ever seen!"
Blork the orc hits you with a +0 dire flail.
The giant cockroach bites you.
Blork the orc cheers repeatedly.
Blork the orc hits you with a +0 dire flail.
You shoot an arrow. The arrow barely misses Blork the orc.
The giant cockroach barely misses you. Blork the orc casts a spell at you.
The puff of frost hits you.
You shoot an arrow. The arrow hits Blork the orc!
Blork the orc is almost dead.
The giant cockroach closely misses you.
Blork the orc gestures at you while chanting.
The puff of frost hits you!
You die...

. #............
..##.............
.............##..
##.....<.........
........##.......
.#...............
#...............
......##o%B......
###... ##@..~~~~~
........%..~....
....#.......~.¤~~
...##.......~.~..
#.##....~.¤._ #.
#....~.¤¤. .
.....~.¤~~ .
.....~....


You could see Blork the orc and a giant cockroach.

Vanquished Creatures
  6 adders
  An adder zombie (D:2)
  An adder skeleton (D:2)
  2 worms
  4 bats
  2 bat skeletons (D:2)
  5 endoplasms
  6 giant cockroaches
  A goblin (D:2)
  3 hobgoblins
  2 jackals (D:2)
  5 kobolds
  A quokka (D:1)
  4 ball pythons
  A ball python zombie (D:2)
  2 frilled lizards
  A jackal skeleton (D:2)
  A quokka skeleton (D:2)
  4 rats
52 creatures vanquished.

Notes
Turn   | Place    | Note
-------+----------+-------------------------------------------
     0 | D:1      | qw the Deep Elf Hunter began the quest for the Orb.
     0 | D:1      | Reached XP level 1. HP: 12/12 MP: 3/3
     0 | D:1      | 0 ||| qw: Version: 0.3-a-9-g12657ce
     0 | D:1      | 0 ||| qw: Game counter: 4766
     0 | D:1      | 0 ||| qw: Always use a shield: true
     0 | D:1      | 0 ||| qw: God list: Okawaru
     0 | D:1      | 0 ||| qw: Allow faded altars: false
     0 | D:1      | 0 ||| qw: Do Orc after D:15 true
     0 | D:1      | 0 ||| qw: Do second Lair branch before Depths: true
     0 | D:1      | 0 ||| qw: Lair rune preference: random
     0 | D:1      | 0 ||| qw: Plans: Normal
     0 | D:1      | 0 ||| PLANNING D:1-11
   238 | D:1      | Reached XP level 2. HP: 16/16 MP: 4/4
   251 | D:1      | Reached skill level 6 in Ranged Weapons
   575 | D:1      | 575 ||| UPGRADING to +0 ring mail.
   585 | D:1      | 585 ||| DROPPING +0 leather armour.
   586 | D:1      | 586 ||| READING scroll labelled WEK ERCHAIST.
   590 | D:1      | 590 ||| READING scroll labelled IVVOSEAROU.
   591 | D:1      | 591 ||| READING scroll labelled HUROTE ILAD.
   592 | D:1      | 592 ||| READING scroll labelled FONALUCKON.
   593 | D:1      | 593 ||| READING 4 scrolls labelled XUXYKK BESETA.
   594 | D:1      | 594 ||| READING 3 scrolls of identify.
   594 | D:1      | 594 ||| IDENTIFYING golden potion
   595 | D:1      | 595 ||| READING 2 scrolls of identify.
   595 | D:1      | 595 ||| IDENTIFYING bubbling coppery potion
   596 | D:1      | 596 ||| DROPPING scroll of butterflies.
   597 | D:1      | 597 ||| DROPPING potion of magic.
   701 | D:2      | Reached XP level 3. HP: 12/20 MP: 5/5
   756 | D:2      | Reached skill level 7 in Ranged Weapons
   981 | D:2      | Reached XP level 4. HP: 25/25 MP: 6/6
  1172 | D:2      | 1172 ||| UPGRADING to +0 helmet.
  1177 | D:2      | 1177 ||| READING scroll labelled WURI UJIYTUS.
  1179 | D:2      | 1179 ||| Stepping ~*~*~tactically~*~*~ (cloud).
  1184 | D:2      | HP: 5/25 [poisoned by you (poison gas)]
  1188 | D:2      | HP: 2/25 [poisoned by you (poison gas)]
  1680 | D:3      | Found a runed translucent gate.
  1680 | D:3      | Found a runed translucent gate.
  1681 | D:3      | Found a runed translucent gate.
  1684 | D:3      | Noticed qw's ghost (amateur DEHu)
  1873 | D:3      | 1873 ||| READING scroll labelled TETAEX YLOEV.
  1874 | D:3      | 1874 ||| READING scroll labelled XUT XENURGHOVVI.
  1875 | D:3      | 1875 ||| READING 3 scrolls of identify.
  1875 | D:3      | 1875 ||| IDENTIFYING bubbling inky potion
  1876 | D:3      | 1876 ||| READING 2 scrolls of identify.
  1876 | D:3      | 1876 ||| IDENTIFYING black potion
  1905 | D:4      | Found an ancient bone altar of Kikubaaqudgha.
  1913 | D:4      | Reached skill level 8 in Ranged Weapons
  1924 | D:4      | Noticed Blork the orc
  1933 | D:4      | HP: 4/25 [Blork the orc/puff of frost (3)]
  1934 | D:4      | Killed from afar by Blork the orc

Levels and vault maps discovered:
D:1:      spicycebolla_arrival_transporter_tutorial, layout_basic
D:2:      layout_basic, serial_undead, serial_undead_f, serial_undead_b,
          serial_undead_a, serial_undead_d, minmay_tall_x
D:3:      layout_loops_ring, gammafunk_ghost_necromancy
D:4:      layout_cave_pools, mainiacjoe_overflow_concentric_impassable,
          minmay_temple_entry_purple_smoke, uniq_blork_the_orc, uniq_pikel

Skill      XL: |  1  2  3  4 |
---------------+-------------+-----
Ranged Weapons | 6 7 8 |  8.2
Fighting       | |  1.5
Dodging        | |  2.4
Stealth        | |  1.2

Action                     |  1- 3 |  4- 6 || total
---------------------------+-------+-------++-------
   Fire: Shortbow          |    96 |    77 ||   173
    Use: Scroll            |     7 |     5 ||    12
 Armour: Leather armour    |     2 |       ||     2
         Ring mail         |     9 |     9 ||    18
  Dodge: Dodged            |    17 |    14 ||    31

Table legend:
 A = Non-vault XP
 B = Vault XP
 C = Vault XP percentage of total XP
 D = Non-vault monster count
 E = Vault monster count
 F = Vault count percentage of total count
                 A         B        C        D         E       F
            +---------+---------+-------+---------+---------+-------
      Total |     136 |      36 |  20.9 |      41 |      11 |  21.2
            +---------+---------+-------+---------+---------+-------
        D:1 |      24 |       0 |   0.0 |      14 |       0 |   0.0
        D:2 |      55 |      36 |  39.6 |      16 |      11 |  40.7
        D:3 |      30 |       0 |   0.0 |       9 |       0 |   0.0
        D:4 |      27 |       0 |   0.0 |       2 |       0 |   0.0
            +---------+---------+-------+---------+---------+-------
